 Dungeon Crawl Stone Soup version 0.20.1-1-g8b1a95d (webtiles) character file.

42 slep the Magician (level 3, 0/25 HPs)
             Began as a Demonspawn Wanderer on Oct 22, 2017.
             Succumbed to an adder's poison
             ... on level 2 of the Dungeon.
             The game lasted 00:07:51 (1019 turns).

slep the Magician (Demonspawn Wanderer)             Turns: 1019, Time: 00:07:52

Health: 0/25       AC:  2    Str: 14    XL:     3   Next: 33%
Magic:  6/6        EV: 11    Int: 13    God:
Gold:   27         SH:  0    Dex: 11    Spells: 6/6 levels left

rFire    + . .     SeeInvis .   h - +0 spear
rCold    + . .     Gourm    .   (no shield)
rNeg     . . .     Faith    .   j - +0 robe (curse)
rPois    .         Spirit   .   (no helmet)
rElec    .         Reflect  .   r - scarf {rC+ rF+}
rCorr    .         Harm     .   (no gloves)
MR       .....                  (no boots)
Stlth    ++........             (no amulet)
Regen    0.1/turn               (no ring)
MPRegen  0.1/turn               (no ring)

@: lethally poisoned (0 -> -2)
A: claws 1, nightstalker 1
a: no special abilities


You were on level 2 of the Dungeon.
You were not hungry.

You visited 1 branch of the dungeon, and saw 2 of its levels.

You collected 27 gold pieces.

Inventory:

Hand Weapons
 e - a +0 club
 h - a +0 spear (weapon)
Armour
 d - a +0 robe
 j - a cursed +0 robe (worn)
 r - a scarf of resistance (worn)
Scrolls
 i - a scroll of amnesia {unknown}
 k - a scroll of magic mapping {unknown}
 s - a scroll of identify {unknown}
Potions
 m - a potion of might {unknown}
 o - 2 potions of mutation {unknown}
 p - a potion of ambrosia {unknown}
Books
 a - a book of Flames

   Spells                             Type                      Level
   a - Flame Tongue                   Conjuration/Fire             1
   b - Throw Flame                    Conjuration/Fire             2
   c - Conjure Flame                  Conjuration/Fire             3
   d - Inner Flame                    Hexes/Fire                   3
   e - Sticky Flame                   Conjuration/Fire             4
   f - Fireball                       Conjuration/Fire             5
 b - the Incunabulum of Transmutation

   Spells                             Type                      Level
   a - Beastly Appendage              Transmutation                1
   b - Spider Form                    Transmutation/Poison         3
 c - the Collected Works on Toxins

   Spells                             Type                      Level
   a - Sting                          Conjuration/Poison           1
   b - Mephitic Cloud                 Conjuration/Poison/Air       3
Comestibles
 f - 2 bread rations
 g - a royal jelly
 n - 3 chunks of flesh
 q - a meat ration


   Skills:
 + Level 0.4 Fighting
 + Level 0.8 Polearms
 + Level 1.0 Dodging
 + Level 0.4 Stealth
   Level 1.0 Shields
 + Level 2.1 Spellcasting
   Level 2.0 Summonings
   Level 1.0 Fire Magic
   Level 1.7 Ice Magic
   Level 2.0 Poison Magic
   Level 1.0 Evocations


You had 6 spell levels left.
You didn't know any spells.

Dungeon Overview and Level Annotations

Branches:
Dungeon (2/15)

Altars:
Trog


Innate Abilities, Weirdness & Mutations

You have sharp fingernails.
You are slightly more attuned to the shadows.


Message History

The adder is heavily wounded.
The adder barely misses you.
You hit the adder.
The adder is almost dead.
The adder bites you. The adder barely misses you.
You closely miss the adder.
The adder is almost dead.
You feel sick. The adder bites you.
* * * LOW HITPOINT WARNING * * *
You closely miss the adder.
The adder is almost dead.
The adder closely misses you. The adder bites you.
* * * LOW HITPOINT WARNING * * *
You hit the adder but do no damage.
The adder is almost dead.
The adder barely misses you.
You hit the adder.
You kill the adder!
It was a potion of magic.
Magic courses through your body.
You die...

#...##.....## ###.#.#.#
# ###.###...##
#.......## # #.#
#.......#........# #
#.#
#............>...######
#.#
#.......#..#..#........
#.#
#.......#..#.##>.......
#.#
#.......#.............^
#.#
#.......#.......######.
##.###.....@.#.##.##.#
#. #..##...#.#### #.
#.# #. #.##...[...### #
#.# #. #.##.........#
#. #.#.[......#.# #.
#.........##.## #.
###............ #.
##.....###.# .#.
##...## #...


There were no monsters in sight!

Vanquished Creatures
  2 adders (D:2)
  A dart slug (D:1)
  3 giant cockroaches
  3 goblins
  2 hobgoblins
  2 jackals (D:1)
  A kobold (D:2)
  2 bats (D:1)
  A frilled lizard (D:1)
  4 rats
21 creatures vanquished.

Notes
Turn   | Place    | Note
-------+----------+-------------------------------------------
     0 | D:1      | slep the Demonspawn Wanderer began the quest for the Orb.
     0 | D:1      | slep set off with: a book of Flames, the Incunabulum of Transmutation, the Collected Works on Toxins, a +0 robe, a +0 club, a bread ration
     0 | D:1      | Reached XP level 1. HP: 13/13 MP: 2/2
   299 | D:1      | Gained mutation: You are slightly more attuned to the shadows. [demonic ancestry]
   299 | D:1      | Reached XP level 2. HP: 7/19 MP: 4/4
   581 | D:1      | Identified the Collected Works on Toxins
   581 | D:1      | Identified the Incunabulum of Transmutation
   904 | D:2      | Reached skill level 1 in Dodging
   904 | D:2      | Gained mutation: You have sharp fingernails. [demonic ancestry]
   904 | D:2      | Reached XP level 3. HP: 16/24 MP: 6/6
   987 | D:2      | Found a bloodstained altar of Trog.
  1016 | D:2      | HP: 1/24 [adder (4)]
  1019 | D:2      | Succumbed to an adder's poison

Skill      XL: |  1  2 |
---------------+-------+-----
Spellcasting   | 2 |  2.1
Dodging        | 1 |  1.0
Fighting       | |  0.4
Polearms       | |  0.8
Stealth        | |  0.4
Shields        | |  1.0
Summonings     | |  2.0
Fire Magic     | |  1.0
Ice Magic      | |  1.7
Poison Magic   | |  2.0
Evocations     | |  1.0

Action                   || total
-------------------------++-------
Melee: Spear             ||    87
       Club              ||    11
  Use: Potion            ||     2
 Stab: Sleeping          ||     3
Armor: Robe              ||    20
Dodge: Dodged            ||    52
